 Dungeon Crawl Stone Soup version 0.27.1-2-g3b301248ec (webtiles) character file.

Game seed: 11990810090858446489

11903 cummra the Geomancer (level 11, -3/64 HPs)
             Began as a Gargoyle Earth Elementalist on Sept 25, 2021.
             Was a Priest of Vehumet.
             Slain by a skeletal warrior (19 damage)
             ... on level 12 of the Dungeon.
             The game lasted 00:40:09 (13111 turns).

cummra the Geomancer (Gargoyle Earth Elementalist) Turns: 13111, Time: 00:40:10

Health: -3/64      AC: 15    Str: 14    XL:     11   Next: 85%
Magic:  2/22       EV: 14    Int: 20    God:    Vehumet [***...]
Gold:   1020       SH:  0    Dex: 16    Spells: 1/25 levels left

rFire    . . .     SeeInvis +   L - +0 hand axe of Upheaval {vorpal, rElec Will++}
rCold    . . .     Faith    .   (no shield)
rNeg     + . .     Spirit   .   b - +0 robe
rPois    ∞         Reflect  .   n - +0 helmet
rElec    +         Harm     .   (no cloak)
rCorr    +         Rampage  .   i - +0 pair of gloves
Will     ++...                  v - +1 pair of boots {Fly}
Stlth    ++........             g - amulet "Rotaqa" {Acrobat rCorr Str+3}
HPRegen  0.20/turn              E - +6 ring of dexterity
MPRegen  0.18/turn              w - ring of see invisible

@: flying, studying Axes
A: sickness immunity, AC +8, negative energy resistance 1, electricity
resistance, torment resistance 1, petrification resistance
a: Renounce Religion


You were on level 12 of the Dungeon.
You worshipped Vehumet.
Vehumet was most pleased with you.
You visited 2 branches of the dungeon, and saw 15 of its levels.

You collected 1069 gold pieces.
You spent 49 gold pieces at shops.

Inventory:

Hand Weapons
 D - a +1 flail
 L - the +0 hand axe of Upheaval (weapon) {vorpal, rElec Will++}
   (You found it on level 14 of the Dungeon)

   It inflicts extra damage upon your enemies.
   rElec:     It insulates you from electricity.
   Will:      It greatly increases your willpower.
Missiles
 c - 268 stones
Armour
 b - a +0 robe (worn)
 i - a +0 pair of gloves (worn)
 n - a +0 helmet (worn)
 v - a +1 pair of boots of flying (worn)
 z - a +2 pair of boots of rampaging
Jewellery
 a - a ring of ice
 d - a ring of ice
 g - the amulet "Rotaqa" (around neck) {Acrobat rCorr Str+3}
   (You took it off an orc on level 7 of the Dungeon)

   [amulet of the acrobat]

   It increases your evasion while moving and waiting.
   Str:       It affects your strength (+3).
   rCorr:     It protects you from acid and corrosion.
 p - an amulet of reflection
 w - a ring of see invisible (right hand)
 x - a ring of protection from fire
 E - a +6 ring of dexterity (left hand)
Wands
 q - a wand of paralysis (11)
 y - a wand of flame (27)
 A - a wand of digging (9)
 B - a wand of polymorph (9)
 C - a wand of iceblast (14)
 G - a wand of mindburst (16)
Scrolls
 o - 3 scrolls of identify
 r - 2 scrolls of teleportation
 I - a scroll of silence {unknown}
 J - 2 scrolls of enchant weapon
 K - a scroll of fog
 N - a scroll of vulnerability {unknown}
Potions
 e - 2 potions of berserk rage {unknown}
 f - 3 potions of might {unknown}
 j - a potion of curing
 k - 3 potions of degeneration {unknown}
 l - 3 potions of heal wounds {unknown}
 m - 3 potions of attraction {unknown}
 s - 2 potions of mutation {unknown}
 t - 3 potions of cancellation {unknown}
 u - 3 potions of haste {unknown}
 F - a potion of lignification {unknown}
 H - 2 potions of invisibility {unknown}
Miscellaneous
 h - a lightning rod (4/4)


   Skills:
 + Level 5.3 Fighting
 + Level 5.3 Maces & Flails
 + Level 4.8 Armour
 + Level 5.1 Dodging
 - Level 3.4 Stealth
 + Level 4.1 Unarmed Combat
 + Level 7.8 Spellcasting
 + Level 7.0 Conjurations
 - Level 0.7 Transmutations
 + Level 4.2 Fire Magic
 + Level 10.4 Earth Magic
 + Level 3.1 Evocations


You had one spell level left.
You knew the following spells:

 Your Spells              Type           Power      Damage    Failure   Level
a - Sandblast             Erth           98%        2d20      1%          1
b - Stone Arrow           Conj/Erth      84%        3d12      1%          3
c - Bolt of Magma         Conj/Fire/Erth 18%        4d10      3%          5
d - Iron Shot             Conj/Erth      21%        9d5       11%         6
e - Shatter               Erth           24%        3d21*     100%        9

Your spell library contained the following spells:

 Spells                   Type           Power      Damage    Failure   Level
 Airstrike                Air            3%         N/A       22%         4
 Foxfire                  Conj/Fire      100%       2x1d9     1%          1
 Animate Skeleton         Necr           14%        N/A       9%          1
 Pain                     Necr           28%        1d5       9%          1
 Passwall                 Tmut/Erth      25%        N/A       1%          2
 Conjure Flame            Conj/Fire      30%        6-21      1%          3
 Mephitic Cloud           Conj/Pois/Air  17%        N/A       2%          3
 Ignite Poison            Fire/Tmut/Pois 14%        N/A       3%          3
 Inner Flame              Hex/Fire       16%        N/A       3%          3
 Iskenderun's Battlesphe  Conj           36%        2d9       3%          5
 Petrify                  Tmut/Erth      30%        N/A       9%          4
 Wereblood                Tmut           10%        N/A       10%         2
 Vampiric Draining        Necr           3%         2d6       26%         3
 Spellforged Servitor     Conj/Summ      11%        N/A       98%         7
 Summon Hydra             Summ           3%         N/A       100%        7
 Sublimation of Blood     Necr           Unusable   N/A       N/A         2

Dungeon Overview and Level Annotations

Branches:
Dungeon (14/15)            Temple (1/1) D:6             Orc (0/2) D:11
   Lair: D:8-11      Vaults: D:13-14

Altars:
Cheibriados
Hepliaklqana
Kikubaaqudgha
Okawaru
Uskayaw
Vehumet
Wu Jian
Xom
Yredelemnul
The Shining One

Shops:
D:6 =   D:9 [[?

Annotations:
D:10 3 runed translucent doors, AttackTheMoon's ghost, journeyman DjAE
D:12 4 runed translucent doors
D:13 Jorgrun; Urug


Innate Abilities, Weirdness & Mutations

You are immune to sickness and miasma.
Your stone body is resilient. (AC +8)
You are immune to poison.
You resist negative energy. (rN+)
You are resistant to electric shocks. (rElec)
You are resistant to unholy torment.
You are immune to petrification.


Message History

Confirm with . or Enter, or press ? or * to list all spells.
Aiming: Stone Arrow (safe; 1% risk of failure)
Press: ? - help, Shift-Dir - straight line, f/p - skeletal warrior
Aim: a skeletal warrior, wielding a +0 hand axe (severely damaged, 76% to hit)
The stone arrow hits the skeletal warrior but does no damage.
The skeletal warrior is severely damaged.
The skeletal warrior hits you with a +0 hand axe!!
* * * LOW HITPOINT WARNING * * *
You feel better.
The skeletal warrior hits you with a +0 hand axe!
* * * LOW HITPOINT WARNING * * *
You feel better.
The skeletal warrior hits you with a +0 hand axe.
* * * LOW HITPOINT WARNING * * *
You feel better.
The skeletal warrior completely misses you.
Blink to where?
Press: ? - help, Dir - move target, p - skeletal warrior
As you read the scroll of blinking, it crumbles to dust.
There is an open door here.
You reach down and close the door.
A skeletal warrior opens the door.
There is an open door here.
The black bear growls angrily. x2; The hog squeals angrily.
The hound barks!
The black bear growls angrily. x3
The black bear growls angrily.
The yak snorts and paws the ground.
Casting: Stone Arrow (safe; 1% risk of failure)
Confirm with . or Enter, or press ? or * to list all spells.
Aiming: Bolt of Magma (dangerous; 3% risk of failure)
Press: ? - help, Shift-Dir - straight line, f - skeletal warrior
Aim: a skeletal warrior, wielding a +0 hand axe (heavily damaged, 68% to hit)
The bolt of magma hits the skeletal warrior.
The skeletal warrior is heavily damaged.
Aiming: Mindburst
Press: ? - help, Shift-Dir - straight line, f/p - skeletal warrior
Aim: a skeletal warrior, wielding a +0 hand axe (heavily damaged, chance to affect: 14%)
The skeletal warrior resists with almost no effort.
The skeletal warrior hits you with a +0 hand axe!!
You die...

....H.+....#........# +.
......#....#........# #. .....
#....#........# #. ....
#....#........# #. ##.
###....#####'############### #
#................#........##
#................#........#.
#................#.hhYlh..#.
######..........@z....#hhhhhhh.#.
........#############.#HhhhHhhh##
........# #. #.###++++###.
........# ...#..#............
........+ ..P...+............
........# ##P..P#...........#
...###### #z.. ############. ...#
.... . ...# ... .


You could see a skeletal warrior.

Vanquished Creatures
  A centaur warrior (D:13)
  A two-headed ogre (D:13)
  Erica (D:8)
  A manticore (D:7)
  An elephant (D:11)
  2 gargoyles
  A kobold demonologist (D:10)
  3 trolls
  A hornet (D:9)
  A meliai zombie (D:11)
  A wyvern (D:9)
  8 yaks
  2 wraiths
  2 humans (D:10)
  A basilisk (D:11)
  8 vampire mosquitoes
  An acid dragon (D:7)
  2 water moccasins
  2 necrophages
  An ice beast (D:7)
  8 orc warriors
  7 centaurs
  2 ogres
  2 bullfrogs
  2 scorpions
  A water moccasin zombie (D:6)
  4 killer bees (D:10)
  3 howler monkeys
  19 wights
  2 vampire bats (D:10)
  3 bullfrog zombies
  2 hounds
  2 centaur skeletons (D:7)
  2 centaur zombies
  3 bullfrog skeletons
  2 orc priests (D:8)
  3 jellies
  3 iguanas
  A scorpion zombie (D:5)
  6 orc wizards
  A killer bee zombie (D:7)
  A hound zombie (D:5)
  A howler monkey zombie (D:9)
  4 adders
  A howler monkey skeleton (D:4)
  3 white imps
  An adder skeleton (D:4)
  A worm (D:3)
  2 dart slugs
  27 orcs
  3 ball pythons
  3 bat skeletons (D:10)
  2 bat zombies (D:10)
  6 endoplasms
  4 giant cockroaches
  2 goblins (D:1)
  6 hobgoblins
  3 quokkas
  6 bats
  A frilled lizard (D:1)
  4 kobolds
  6 rats (D:1)
206 creatures vanquished.

Vanquished Creatures (others)
  A fungus (D:11)
  A plant (D:11)
  3 withered plants (D:12)
5 creatures vanquished.

Grand Total: 211 creatures vanquished

Notes
Turn   | Place    | Note
-------+----------+-------------------------------------------
     0 | D:1      | cummra the Gargoyle Earth Elementalist began the quest for
                  | the Orb.
     0 | D:1      | Reached XP level 1. HP: 10/10 MP: 3/3
   211 | D:1      | Reached XP level 2. HP: 15/15 MP: 5/5
   222 | D:1      | Reached skill level 4 in Earth Magic
   543 | D:1      | Found a faded altar of an unknown god.
  1109 | D:2      | Reached XP level 3. HP: 19/19 MP: 4/6
  1486 | D:3      | Reached skill level 1 in Unarmed Combat
  1625 | D:3      | Noticed a scorpion
  1672 | D:3      | Killed a scorpion
  1673 | D:3      | Reached XP level 4. HP: 11/24 MP: 0/7
  2054 | D:3      | Found a snail-covered altar of Cheibriados.
  2281 | D:4      | Reached skill level 5 in Earth Magic
  2281 | D:4      | Reached XP level 5. HP: 26/28 MP: 3/8
  2513 | D:4      | Reached XP level 6. HP: 33/33 MP: 10/10
  2659 | D:4      | Reached skill level 1 in Maces & Flails
  3300 | D:5      | Entered Level 5 of the Dungeon
  3796 | D:5      | Reached skill level 6 in Earth Magic
  3796 | D:5      | Reached XP level 7. HP: 37/37 MP: 8/12
  4063 | D:5      | Reached skill level 1 in Fighting
  4630 | D:6      | Found a staircase to the Ecumenical Temple.
  4662 | Temple   | Entered the Ecumenical Temple
  4698 | Temple   | Became a worshipper of Vehumet
  4773 | D:6      | Reached XP level 8. HP: 28/44 MP: 1/15
  5047 | D:6      | Reached skill level 5 in Spellcasting
  5047 | D:6      | Reached skill level 7 in Earth Magic
  5206 | D:6      | Learned a level 3 spell: Stone Arrow
  5455 | D:6      | Found Qiguy's Jewellery Boutique.
  5517 | D:6      | Learned a level 5 spell: Bolt of Magma
  5588 | D:6      | Reached skill level 1 in Conjurations
  5984 | D:6      | Reached skill level 8 in Earth Magic
  5984 | D:6      | Reached XP level 9. HP: 40/49 MP: 6/17
  6085 | D:6      | Reached * piety under Vehumet
  6085 | D:6      | Offered knowledge of Magic Dart by Vehumet.
  6370 | D:7      | Identified a scroll of acquirement
  6370 | D:7      | Acquired 416 gold pieces
  6609 | D:7      | Noticed a boulder beetle
  6633 | D:7      | Noticed a troll
  6673 | D:7      | Killed a troll
  6674 | D:7      | Reached skill level 9 in Earth Magic
  6709 | D:7      | Noticed a manticore
  6715 | D:7      | Killed a manticore
  6716 | D:7      | Reached skill level 1 in Armour
  6716 | D:7      | Reached skill level 5 in Conjurations
  6716 | D:7      | Reached skill level 1 in Fire Magic
  6790 | D:7      | Identified the amulet "Rotaqa" {Acrobat rCorr Str+3}
  6957 | D:7      | Reached XP level 10. HP: 56/56 MP: 5/20
  7103 | D:7      | Learned a level 6 spell: Iron Shot
  8554 | D:8      | Noticed Erica
  8572 | D:8      | Killed Erica
  8595 | D:8      | Reached ** piety under Vehumet
  8595 | D:8      | Offered knowledge of Shock by Vehumet.
  8596 | D:8      | Reached skill level 1 in Evocations
  8963 | D:8      | Noticed a gargoyle
  8966 | D:8      | Killed a gargoyle
  9094 | D:9      | Found Arugruga's Armour Shop.
  9097 | D:9      | Found Edetu's Armour Shoppe.
  9831 | D:9      | Found Runow's Magic Scroll Boutique.
  9838 | D:9      | Bought a scroll of fear for 49 gold pieces
  9988 | D:10     | Entered Level 10 of the Dungeon
  9988 | D:10     | Noticed a kobold demonologist
  9992 | D:10     | Killed a kobold demonologist
  9992 | D:10     | Noticed a two-headed ogre
  9993 | D:10     | Reached XP level 11. HP: 62/62 MP: 9/22
 10560 | D:10     | Reached skill level 10 in Earth Magic
 10755 | D:10     | Found an iron altar of Okawaru.
 10755 | D:10     | Found an ornate altar of the Wu Jian Council.
 10804 | D:10     | Found a runed translucent gate.
 10804 | D:10     | Noticed AttackTheMoon's ghost (journeyman DjAE)
 10839 | D:10     | Found a shimmering altar of Xom.
 10844 | D:10     | Offered knowledge of Poisonous Vapours by Vehumet.
 10907 | D:10     | Found a glowing golden altar of the Shining One.
 10920 | D:10     | Found a hide-covered altar of Uskayaw.
 11158 | D:10     | Found a runed translucent gate.
 11159 | D:10     | Found a runed translucent gate.
 11380 | D:10     | Found an ancient bone altar of Kikubaaqudgha.
 11671 | D:11     | Reached *** piety under Vehumet
 11793 | D:11     | Found a staircase to the Orcish Mines.
 12139 | D:11     | Learned a level 9 spell: Shatter
 12161 | D:11     | Noticed a skeletal warrior
 12200 | D:11     | Reached skill level 5 in Maces & Flails
 12204 | D:11     | Reached skill level 5 in Fighting
 12323 | D:11     | You are sucked into a shaft and drop 3 floors!
 12331 | D:14     | Identified the +0 hand axe of Upheaval {vorpal, rElec
                  | Will++}
 12364 | D:13     | Noticed Jorgrun
 12364 | D:13     | Noticed a four-headed hydra
 12364 | D:13     | Noticed a manticore
 12387 | D:14     | Noticed a green ugly thing
 12389 | D:14     | Noticed a four-headed hydra
 12428 | D:13     | Noticed Urug
 12438 | D:13     | Noticed a two-headed ogre
 12439 | D:13     | Noticed a white ugly thing
 12440 | D:13     | Noticed a centaur warrior
 12448 | D:13     | Killed a two-headed ogre
 12449 | D:13     | Reached skill level 5 in Dodging
 12459 | D:13     | Killed a centaur warrior
 12473 | D:13     | Offered knowledge of Airstrike by Vehumet.
 12997 | D:12     | Noticed a manticore
 13025 | D:12     | Found a huge runed translucent gate.
 13025 | D:12     | Found a huge runed translucent gate.
 13025 | D:12     | Found a huge runed translucent gate.
 13025 | D:12     | Found a huge runed translucent gate.
 13025 | D:12     | Noticed a manticore
 13025 | D:12     | Noticed a manticore
 13067 | D:11     | Noticed a skeletal warrior
 13067 | D:11     | Noticed a skeletal warrior
 13067 | D:11     | Noticed a skeletal warrior
 13067 | D:11     | Noticed a skeletal warrior
 13067 | D:11     | Noticed a skeletal warrior
 13078 | D:12     | HP: 3/64 [skeletal warrior (24)]
 13079 | D:12     | HP: 1/64 [skeletal warrior (9)]
 13111 | D:12     | Slain by a skeletal warrior

Illustrated notes

Levels and vault maps discovered:
D:1:      lemuel_arrival_hallway, layout_basic,
          hellmonk_ecumenical_altar_leap_of_faith, ebering_dispersal_statue_hall
D:2:      layout_rooms
D:3:      layout_basic, amcnicky_altar_gilded
D:4:      minmay_recursive_quarters, layout_basic, serial_forest,
          infiniplex_forest_clump_small, infiniplex_forest_lined_2,
          infiniplex_forest_end_2, infiniplex_forest_straight_4,
          infiniplex_forest_straight_4, infiniplex_forest_corner_2,
          infiniplex_forest_lined_room_2, grunt_decor_cap
D:5:      layout_basic, minmay_misc_feat_alley
D:6:      layout_basic, minmay_temple_entry_large_hall, serial_shops, shop,
          minmay_misc_feat_pillars, grunt_ministairs_2, minmay_starry_boxes
D:7:      minmay_the_grid_octo_triangle [minmay_the_grid_octo_thin_diamonds,
          minmay_the_grid_octo_prize_ultimate_mussel_roller,
          minmay_the_grid_octo_chip], layout_layer_cave,
          kennysheep_generic_room_5
D:8:      layout_rooms, uniq_erica
D:9:      layout_rooms, serial_shops, nicolae_diamond_shop, nicolae_square_shop,
          shop_statue, amcnicky_mini_rare_corridor_liquid
D:10:     layout_irregular_city, mainiacjoe_overflow_tiny_flanked,
          overflow_temple_1_default, okawaru_humans, kennysheep_vampire_church,
          mainiacjoe_overflow_big_doors, gammafunk_ghost_nasty_kobolds,
          grunt_ministairs_9, minivault_27
D:11:     lemuel_insect_pit, layout_loops_ring, david_lair_generic, orc_david_3,
          enter_bailey_5, corexii_hall_statues_t
D:12:     lemuel_bear_cage, layout_gridville, serial_undead, serial_undead_b,
          serial_undead_f, serial_undead_d, serial_undead_e, serial_undead_e,
          serial_undead_e
D:13:     layout_layer_cave, hangedman_vaults_entry_quadrant_bands,
          ploomutoo_gammafunk_ghost_potion_laboratory,
          nicolae_sif_muna_little_library, uniq_urug, uniq_rupert, uniq_jorgrun
D:14:     mludivico_vault, layout_rooms, roderic_lattice_a, serial_shops,
          nicolae_shop_temple_entry_statues_fountains, chequers_garden
Temple:   regret_index_temple_generic_petals

Skill      XL: |  1  2  3  4  5  6  7  8  9 10 11 |
---------------+----------------------------------+-----
Earth Magic    | 4 5 6 8 9 10 | 10.4
Dodging        | 2 3 4 5 |  5.1
Unarmed Combat | 1 2 3 4 |  4.1
Spellcasting   | 3 4 5 6 7 |  7.8
Maces & Flails | 1 2 3 4 5 |  5.3
Stealth        | 3 |  3.4
Fighting       | 2 3 4 5 |  5.3
Conjurations   | 3 5 6 7 |  7.0
Armour         | 1 3 4 |  4.8
Fire Magic     | 1 3 4 |  4.2
Evocations     | 1 3 |  3.1
Transmutations | |  0.7

Action                   |  1- 3 |  4- 6 |  7- 9 | 10-12 || total
-------------------------+-------+-------+-------+-------++-------
Melee: Unarmed           |   188 |       |       |       ||   188
       Club              |       |    89 |   121 |       ||   210
       Punch             |       |     1 |     2 |       ||     3
       Flail             |       |       |    26 |    66 ||    92
 Cast: Sandblast         |    24 |    34 |    80 |    56 ||   194
       Stone Arrow       |       |       |    31 |   158 ||   189
       Bolt of Magma     |       |       |       |     2 ||     2
Evoke: Wand              |       |       |       |     1 ||     1
  Use: Scroll            |       |       |    13 |     5 ||    18
       Potion            |       |       |       |     4 ||     4
 Stab: Sleeping          |     4 |     1 |       |     1 ||     6
Armor: Robe              |    75 |    39 |    72 |    85 ||   271
Dodge: Dodged            |   127 |    68 |   118 |   156 ||   469
